TOP OF THE 1ST |
Chicago (NYP) White Sox batting - Pitching for Idaho Falls Chukars : RHP Kevin Allen
|
Pitching: RHP Kevin Allen
|
|
Batting: RHB Dusty Ballard
|
0-0: Swinging Strike 0-1: Ball 1-1: Swinging Strike 1-2: Strikes out swinging
|
Batting: RHB Jeremy Hoffert
|
0-0: Called Strike 0-1: Ball 1-1: SINGLE (Groundball, 15S, EV 67.5 MPH) (infield hit)
|
Batting: RHB Justin Usner
|
0-0: Ball Wild Pitch! Jeremy Hoffert to second 1-0: Ground out 1-3 (Groundball, 15S, EV 70.6 MPH)
|
Batting: LHB Jason Bell
|
0-0: Ball 1-0: Ball 2-0: Called Strike 2-1: Ball 3-1: Base on Balls
|
Batting: RHB Mitch Cuadros
|
0-0: Ball 1-0: Called Strike 1-1: Ball 2-1: Called Strike 2-2: Foul Ball, location: 2F 2-2: Ball Wild Pitch! Jeremy Hoffert to third Jason Bell to second 3-2: Base on Balls
|
Pitching: LHP Chris Shoemaker
|
|
Batting: RHB Mike Zern
|
0-0: Called Strike 0-1: Called Strike 0-2: Strikes out looking
|
Top of the 1st over - 0 runs, 1 hit, 0 errors, 3 left on base; Chicago (NYP) 0 - Idaho Falls 0 |
BOTTOM OF THE 1ST |
Idaho Falls Chukars batting - Pitching for Chicago (NYP) White Sox : LHP Isaiah Oates
|
Pitching: LHP Isaiah Oates
|
|
Batting: RHB Eric Erickson
|
0-0: Fly out, F8 (Flyball, 8LD, EV 95.6 MPH)
|
Batting: RHB Ken Postlethwaite
|
0-0: Called Strike 0-1: Fly out, F9 (Flyball, 9LD, EV 103.1 MPH)
|
Batting: RHB Edite Leoni
|
0-0: Ball 1-0: Foul Ball, location: 2F 1-1: Ground out 6-3 (Groundball, 6, EV 101.9 MPH)
|
Bottom of the 1st over - 0 runs, 0 hits, 0 errors, 0 left on base; Chicago (NYP) 0 - Idaho Falls 0 |
TOP OF THE 2ND |
Chicago (NYP) White Sox batting - Pitching for Idaho Falls Chukars : LHP Chris Shoemaker
|
Batting: RHB Victor Orozco
|
0-0: Ball 1-0: Ball 2-0: Ball 3-0: Base on Balls
|
Batting: SHB Jason Bresnahan
|
0-0: Ball 1-0: Called Strike 1-1: Called Strike 1-2: Ball 2-2: Ball 3-2: Base on Balls Victor Orozco to second
|
Batting: RHB David Laureano
|
0-0: Fly out, F8 (Flyball, 8LD, EV 100.6 MPH)
|
Batting: RHB Dusty Ballard
|
0-0: Ball 1-0: Ball 2-0: Ball 3-0: Base on Balls Victor Orozco to third Jason Bresnahan to second
|
Batting: RHB Jeremy Hoffert
|
0-0: Foul Ball, location: 2F 0-1: TRIPLE (Flyball, 78XD, EV 100.0 MPH) Victor Orozco scores Jason Bresnahan scores Dusty Ballard scores
|
Batting: RHB Justin Usner
|
0-0: Ball 1-0: SINGLE (Line Drive, 9S, EV 100.6 MPH) Jeremy Hoffert scores
|
Batting: LHB Jason Bell
|
0-0: Ball 1-0: Called Strike 1-1: SINGLE (Line Drive, 6D, EV 106.3 MPH) Justin Usner to second
|
Batting: RHB Mitch Cuadros
|
0-0: Ball 1-0: Called Strike 1-1: Foul Ball, location: 2F 1-2: Ball 2-2: Ball 3-2: Base on Balls Justin Usner to third Jason Bell to second
|
Batting: RHB Mike Zern
|
0-0: Ball 1-0: GRAND SLAM HOME RUN (Flyball, 7D, EV 95.6 MPH), Distance : 375 ft
|
Pitching: LHP Randy Stapleton
|
|
Batting: RHB Victor Orozco
|
0-0: Ball 1-0: Called Strike 1-1: Ball 2-1: SOLO HOME RUN (Flyball, 7D, EV 98.8 MPH), Distance : 374 ft
|
Batting: SHB Jason Bresnahan
|
0-0: Foul Ball, location: 2F 0-1: Ball 1-1: DOUBLE (Line Drive, 7LS, EV 104.4 MPH)
|
Batting: RHB David Laureano
|
0-0: Ball 1-0: SINGLE (Line Drive, 6M, EV 100.0 MPH) Jason Bresnahan to third
|
Batting: RHB Dusty Ballard
|
0-0: Ball 1-0: DOUBLE (Flyball, 78D, EV 95.0 MPH) Jason Bresnahan scores David Laureano to third Runner from 3rd tries for Home, SAFE, throw by LF to trailing runner, SAFE at third!
|
Batting: RHB Jeremy Hoffert
|
0-0: Called Strike 0-1: Ball 1-1: Called Strike 1-2: Ball 2-2: Ball Wild Pitch! Dusty Ballard scores 3-2: Strikes out swinging
|
Pitching: RHP Joe Cozart
|
|
Batting: RHB Justin Usner
|
0-0: Ball 1-0: Ball 2-0: Swinging Strike 2-1: Ball 3-1: Base on Balls
|
Batting: LHB Jason Bell
|
0-0: Swinging Strike 0-1: Ball 1-1: Ball 2-1: Ball 3-1: Base on Balls Justin Usner to second
|
Batting: RHB Mitch Cuadros
|
0-0: DOUBLE (Groundball, 5L, EV 98.1 MPH) Justin Usner scores Jason Bell to third Runner from 3rd tries for Home, SAFE, throw by LF to trailing runner, SAFE at third!
|
Batting: RHB Mike Zern
|
0-0: Ball 1-0: Ball 2-0: Ball 3-0: Ground out 4-3 (Groundball, 4M, EV 105.6 MPH)
|
Top of the 2nd over - 14 runs, 9 hits, 0 errors, 1 left on base; Chicago (NYP) 14 - Idaho Falls 0 |
BOTTOM OF THE 2ND |
Idaho Falls Chukars batting - Pitching for Chicago (NYP) White Sox : LHP Isaiah Oates
|
Batting: RHB Chad Sullivan
|
0-0: Ball 1-0: Ball 2-0: Called Strike 2-1: Foul Ball, location: 2F 2-2: Strikes out swinging
|
Batting: RHB Nate De Jongh
|
0-0: Called Strike 0-1: Ball 1-1: Ground out 3-1 (Groundball, 34S, EV 86.3 MPH)
|
Batting: RHB Jeremy Haun
|
0-0: Called Strike 0-1: Called Strike 0-2: Ball 1-2: Foul Ball, location: 2F 1-2: Foul Ball, location: 2F 1-2: Foul Ball, location: 2F 1-2: Ball 2-2: Foul Ball, location: 2F 2-2: Ball 3-2: Foul Ball, location: 2F 3-2: Base on Balls
|
Batting: RHB Eric Dyer
|
0-0: Ball 1-0: Fielders Choice at 2nd, 6-4 (Groundball, 6, EV 103.1 MPH)
|
Bottom of the 2nd over - 0 runs, 0 hits, 0 errors, 1 left on base; Chicago (NYP) 14 - Idaho Falls 0 |
TOP OF THE 3RD |
Chicago (NYP) White Sox batting - Pitching for Idaho Falls Chukars : RHP Joe Cozart
|
Batting: RHB Victor Orozco
|
0-0: SINGLE (Line Drive, 89M, EV 100.0 MPH)
|
Batting: SHB Jason Bresnahan
|
0-0: Ball Wild Pitch! Victor Orozco to second 1-0: Foul Ball, location: 2F 1-1: Foul Ball, location: 2F 1-2: Foul Ball, location: 2F 1-2: Ground out 6-3 (Groundball, 6, EV 82.5 MPH)
|
Pitching: RHP Timotheus Cooper
|
|
Batting: RHB David Laureano
|
0-0: Ball 1-0: Called Strike 1-1: Fly out, F9 (Flyball, 9, EV 85.0 MPH)
|
Batting: RHB Dusty Ballard
|
0-0: Fly out, F7 (Flyball, 7S, EV 83.8 MPH)
|
Top of the 3rd over - 0 runs, 1 hit, 0 errors, 1 left on base; Chicago (NYP) 14 - Idaho Falls 0 |
BOTTOM OF THE 3RD |
Idaho Falls Chukars batting - Pitching for Chicago (NYP) White Sox : LHP Isaiah Oates
|
Batting: RHB Ben Minge
|
0-0: Called Strike 0-1: Swinging Strike 0-2: Ball 1-2: Strikes out swinging
|
Batting: RHB Edwin Ramos
|
0-0: Ground out 5-3 (Groundball, 56, EV 83.1 MPH)
|
Batting: RHB Eric Erickson
|
0-0: Ball 1-0: Swinging Strike 1-1: Foul Ball, location: 2F 1-2: Strikes out swinging
|
Bottom of the 3rd over - 0 runs, 0 hits, 0 errors, 0 left on base; Chicago (NYP) 14 - Idaho Falls 0 |
TOP OF THE 4TH |
Chicago (NYP) White Sox batting - Pitching for Idaho Falls Chukars : RHP Timotheus Cooper
|
Batting: RHB Jeremy Hoffert
|
0-0: Called Strike 0-1: Ball 1-1: Swinging Strike 1-2: Foul Ball, location: 2F 1-2: SINGLE (Groundball, 4D, EV 95.6 MPH)
|
Batting: RHB Justin Usner
|
0-0: Called Strike 0-1: DOUBLE (Line Drive, 9LM, EV 107.5 MPH) Jeremy Hoffert to third
|
Batting: LHB Jason Bell
|
0-0: Ground out 4-3 (Groundball, 4, EV 86.3 MPH) Jeremy Hoffert scores Justin Usner to third
|
Batting: RHB Mitch Cuadros
|
0-0: Foul Ball, location: 2F 0-1: Ball 1-1: Ball 2-1: Ball Wild Pitch! Justin Usner scores 3-1: Base on Balls
|
Batting: RHB Mike Zern
|
0-0: SINGLE (Flyball, 89S, EV 90.0 MPH) Mitch Cuadros to second
|
Pitching: LHP John Wagner
|
|
Batting: RHB Victor Orozco
|
Balk! Mitch Cuadros to third Mike Zern to second 0-0: Ball 1-0: Ball Passed Ball! Mitch Cuadros scores Mike Zern to third 2-0: Foul Ball, location: 2F 2-1: Foul Ball, location: 2F 2-2: Foul Ball, location: 2F 2-2: Foul Ball, location: 2F 2-2: Ball Wild Pitch! Mike Zern scores 3-2: Base on Balls
|
Batting: SHB Jason Bresnahan
|
0-0: Ball 1-0: Foul Ball, location: 2F 1-1: Fielders Choice at 2nd, 6-4 (Groundball, 6, EV 83.1 MPH)
|
Batting: RHB David Laureano
|
0-0: Ball 1-0: Ball 2-0: Ball 3-0: Foul Ball, location: 2F 3-1: Called Strike 3-2: Base on Balls Jason Bresnahan to second
|
Batting: RHB Dusty Ballard
|
0-0: Swinging Strike 0-1: Foul Ball, location: 2F 0-2: Ball 1-2: Ball 2-2: Fly out, F6 (Flyball, 56D, EV 95.0 MPH)
|
Top of the 4th over - 4 runs, 3 hits, 0 errors, 2 left on base; Chicago (NYP) 18 - Idaho Falls 0 |
BOTTOM OF THE 4TH |
Idaho Falls Chukars batting - Pitching for Chicago (NYP) White Sox : LHP Isaiah Oates
|
Batting: RHB Ken Postlethwaite
|
0-0: Called Strike 0-1: Ball 1-1: Called Strike 1-2: Ground out 6-3 (Groundball, 6, EV 85.6 MPH)
|
Batting: RHB Edite Leoni
|
0-0: Called Strike 0-1: Foul Ball, location: 2F 0-2: Ball 1-2: Foul Ball, location: 2F 1-2: Ball 2-2: Foul Ball, location: 2F 2-2: Foul Ball, location: 2F 2-2: Strikes out swinging
|
Batting: RHB Chad Sullivan
|
0-0: Ground out 6-3 (Groundball, 56, EV 92.5 MPH)
|
Bottom of the 4th over - 0 runs, 0 hits, 0 errors, 0 left on base; Chicago (NYP) 18 - Idaho Falls 0 |
TOP OF THE 5TH |
Chicago (NYP) White Sox batting - Pitching for Idaho Falls Chukars : LHP John Wagner
|
Batting: RHB Jeremy Hoffert
|
0-0: Ball 1-0: Called Strike 1-1: Ball 2-1: Ground out 5-3 (Groundball, 56S, EV 85.0 MPH)
|
Batting: RHB Justin Usner
|
0-0: Ball 1-0: Foul Ball, location: 2F 1-1: SINGLE (Groundball, 23, EV 67.5 MPH) (infield hit)
|
Batting: LHB Jason Bell
|
0-0: Ball 1-0: Ball 2-0: Ball 3-0: Base on Balls Justin Usner to second
|
Batting: RHB Mitch Cuadros
|
0-0: Ball 1-0: Fielders Choice at 2nd, 5-4 (Groundball, 5S, EV 90.0 MPH) Justin Usner to third
|
Batting: RHB Mike Zern
|
0-0: Reached on error, E6 (Groundball, 6, EV 84.4 MPH) Justin Usner scores Mitch Cuadros to second
|
Batting: RHB Victor Orozco
|
0-0: Called Strike 0-1: Hit by Pitch Mitch Cuadros to third Mike Zern to second
|
Batting: SHB Jason Bresnahan
|
0-0: Called Strike 0-1: Ball 1-1: Ball 2-1: Ball 3-1: Base on Balls Mitch Cuadros scores Mike Zern to third Victor Orozco to second
|
Batting: RHB David Laureano
|
0-0: Called Strike 0-1: Fielders Choice at 2nd, 6-4 (Groundball, 6, EV 101.9 MPH)
|
Top of the 5th over - 2 runs, 1 hit, 1 error, 3 left on base; Chicago (NYP) 20 - Idaho Falls 0 |
BOTTOM OF THE 5TH |
Idaho Falls Chukars batting - Pitching for Chicago (NYP) White Sox : LHP Isaiah Oates
|
Batting: RHB Nate De Jongh
|
0-0: Swinging Strike 0-1: Ball 1-1: Called Strike 1-2: Strikes out swinging, 2-3 out at first.
|
Batting: RHB Jeremy Haun
|
0-0: Ball 1-0: Ball 2-0: Called Strike 2-1: Called Strike 2-2: Ball 3-2: Base on Balls
|
Batting: RHB Eric Dyer
|
0-0: Swinging Strike 0-1: Ball 1-1: Called Strike 1-2: Ball Jeremy Haun steals 2nd base (no throw) 2-2: Foul Ball, location: 2F 2-2: Strikes out swinging
|
Batting: RHB Ben Minge
|
0-0: Ball 1-0: Called Strike 1-1: Foul Ball, location: 2F 1-2: Foul Ball, location: 2F 1-2: Ball 2-2: Ball 3-2: SINGLE (Groundball, 56D, EV 105.0 MPH) Jeremy Haun to third Runner from 3rd tries for Home, SAFE, throw by LF to home
|
Batting: RHB Edwin Ramos
|
0-0: Called Strike 0-1: Foul Ball, location: 2F 0-2: Foul Ball, location: 2F 0-2: Ball Wild Pitch! Ben Minge to second 1-2: Ball 2-2: Strikes out swinging
|
Bottom of the 5th over - 1 run, 1 hit, 0 errors, 1 left on base; Chicago (NYP) 20 - Idaho Falls 1 |
TOP OF THE 6TH |
Chicago (NYP) White Sox batting - Pitching for Idaho Falls Chukars : LHP John Wagner
|
Batting: RHB Dusty Ballard
|
0-0: Ball 1-0: Foul Ball, location: 2F 1-1: Swinging Strike 1-2: Ball 2-2: Strikes out swinging
|
Batting: RHB Jeremy Hoffert
|
0-0: Ball 1-0: Ball 2-0: Ball 3-0: Called Strike 3-1: Base on Balls
|
Batting: RHB Justin Usner
|
0-0: Swinging Strike 0-1: Foul Ball, location: 2F 0-2: Foul Ball, location: 2F 0-2: Strikes out looking
|
Batting: LHB Jason Bell
|
0-0: Ball 1-0: Fly out, F9 (Flyball, 9, EV 88.8 MPH)
|
Top of the 6th over - 0 runs, 0 hits, 0 errors, 1 left on base; Chicago (NYP) 20 - Idaho Falls 1 |
BOTTOM OF THE 6TH |
Idaho Falls Chukars batting - Pitching for Chicago (NYP) White Sox : LHP Isaiah Oates
|
Batting: RHB Eric Erickson
|
0-0: Fly out, F7 (Flyball, 7, EV 88.8 MPH)
|
Batting: RHB Ken Postlethwaite
|
0-0: Called Strike 0-1: Swinging Strike 0-2: Ball 1-2: Strikes out swinging
|
Batting: RHB Edite Leoni
|
0-0: Foul Ball, location: 2F 0-1: Ball 1-1: Called Strike 1-2: Ground out 5-3 (Groundball, 5L, EV 104.4 MPH)
|
Bottom of the 6th over - 0 runs, 0 hits, 0 errors, 0 left on base; Chicago (NYP) 20 - Idaho Falls 1 |
TOP OF THE 7TH |
Chicago (NYP) White Sox batting - Pitching for Idaho Falls Chukars : LHP John Wagner
|
Batting: RHB Mitch Cuadros
|
0-0: Ball 1-0: Called Strike 1-1: Foul Ball, location: 2F 1-2: Foul Ball, location: 2F 1-2: Ball 2-2: Ball 3-2: Base on Balls
|
Pinch Hitting: RHB Zachary Anderson
|
0-0: Ball 1-0: Called Strike Balk! Mitch Cuadros to second 1-1: SINGLE (Groundball, 34D, EV 108.8 MPH) Mitch Cuadros to third
|
Batting: RHB Victor Orozco
|
0-0: Called Strike 0-1: SINGLE (Groundball, 56, EV 103.1 MPH) Mitch Cuadros scores Zachary Anderson to second
|
Batting: SHB Jason Bresnahan
|
0-0: Ball 1-0: Foul Ball, location: 2F 1-1: SINGLE (Groundball, 6M, EV 90.0 MPH) (infield hit) Zachary Anderson to third Victor Orozco to second
|
Batting: RHB David Laureano
|
0-0: Called Strike 0-1: Ball Balk! Zachary Anderson scores Victor Orozco to third Jason Bresnahan to second 1-1: Called Strike 1-2: Ball 2-2: Ball 3-2: Strikes out swinging
|
Batting: RHB Dusty Ballard
|
0-0: Called Strike Passed Ball! Victor Orozco scores Jason Bresnahan to third 0-1: Ball 1-1: SINGLE (Groundball, 13, EV 82.5 MPH) (infield hit) Jason Bresnahan scores
|
Batting: RHB Jeremy Hoffert
|
0-0: Ball Wild Pitch! Dusty Ballard to second 1-0: Ball Wild Pitch! Dusty Ballard to third 2-0: Ball 3-0: Called Strike 3-1: Foul Ball, location: 2F 3-2: Foul Ball, location: 2F 3-2: Foul Ball, location: 2F 3-2: Foul Ball, location: 2F 3-2: Base on Balls
|
Batting: RHB Justin Usner
|
0-0: Called Strike 0-1: Ball Wild Pitch! Dusty Ballard scores Jeremy Hoffert to second 1-1: Ball 2-1: Swinging Strike 2-2: Ball 3-2: Base on Balls
|
Batting: LHB Jason Bell
|
0-0: Called Strike 0-1: 3-RUN HOME RUN (Flyball, 9D, EV 98.8 MPH), Distance : 377 ft
|
Batting: RHB Mitch Cuadros
|
0-0: Ball 1-0: Called Strike 1-1: Ball 2-1: Ball 3-1: Foul Ball, location: 2F 3-2: Base on Balls
|
Batting: RHB Zachary Anderson
|
0-0: Fly out, F6 (Popup, P, EV 83.8 MPH)
|
Batting: RHB Victor Orozco
|
0-0: Ball 1-0: Ball 2-0: Called Strike 2-1: Ball 3-1: Base on Balls Mitch Cuadros to second
|
Batting: SHB Jason Bresnahan
|
0-0: Fielders Choice at 2nd, 5-4 (Groundball, 56, EV 103.8 MPH)
|
Top of the 7th over - 8 runs, 5 hits, 0 errors, 2 left on base; Chicago (NYP) 28 - Idaho Falls 1 |
BOTTOM OF THE 7TH |
Idaho Falls Chukars batting - Pitching for Chicago (NYP) White Sox : LHP Isaiah Oates
|
Now at 1B: Ray Walden
|
|
Batting: RHB Chad Sullivan
|
0-0: Ball 1-0: Called Strike 1-1: SINGLE (Groundball, 6MD, EV 107.5 MPH)
|
Batting: RHB Nate De Jongh
|
0-0: Ball 1-0: Called Strike 1-1: Fielders Choice at 2nd, 3-6 (Groundball, 34, EV 100.6 MPH)
|
Batting: RHB Jeremy Haun
|
0-0: Called Strike 0-1: Ball 1-1: Swinging Strike 1-2: Strikes out swinging
|
Batting: RHB Eric Dyer
|
0-0: Called Strike 0-1: Ball 1-1: Foul Ball, location: 2F 1-2: Strikes out swinging
|
Bottom of the 7th over - 0 runs, 1 hit, 0 errors, 1 left on base; Chicago (NYP) 28 - Idaho Falls 1 |
TOP OF THE 8TH |
Chicago (NYP) White Sox batting - Pitching for Idaho Falls Chukars : LHP John Wagner
|
Batting: RHB David Laureano
|
0-0: Swinging Strike 0-1: Ball 1-1: Reached on error, E4 (Flyball, 34D, EV 83.8 MPH)
|
Batting: RHB Dusty Ballard
|
0-0: Fielders Choice at 2nd, 1-4 (Groundball, 15S, EV 68.8 MPH)
|
Batting: RHB Jeremy Hoffert
|
0-0: Ball 1-0: Fielders Choice at 2nd, 4-6 (Groundball, 4, EV 106.9 MPH)
|
Batting: RHB Justin Usner
|
0-0: Swinging Strike 0-1: TRIPLE (Flyball, 89XD, EV 101.9 MPH) Jeremy Hoffert scores
|
Batting: LHB Jason Bell
|
0-0: SINGLE (Groundball, 15S, EV 65.0 MPH) (infield hit) Justin Usner scores
|
Batting: RHB Mitch Cuadros
|
0-0: Ball 1-0: Fielders Choice at 2nd, 5-4 (Groundball, 56, EV 98.8 MPH)
|
Top of the 8th over - 2 runs, 2 hits, 1 error, 1 left on base; Chicago (NYP) 30 - Idaho Falls 1 |
BOTTOM OF THE 8TH |
Idaho Falls Chukars batting - Pitching for Chicago (NYP) White Sox : LHP Isaiah Oates
|
Pitching: RHP Miguel Romero
|
|
Batting: RHB Ben Minge
|
0-0: SINGLE (Flyball, 6D, EV 87.5 MPH)
|
Batting: RHB Edwin Ramos
|
0-0: Called Strike 0-1: Called Strike 0-2: Strikes out swinging
|
Batting: RHB Eric Erickson
|
0-0: Swinging Strike 0-1: Swinging Strike 0-2: Ball 1-2: Ball 2-2: Ball 3-2: Foul Ball, location: 2F 3-2: Strikes out looking
|
Batting: RHB Ken Postlethwaite
|
0-0: Swinging Strike 0-1: Fielders Choice at 2nd, 5-4 (Groundball, 5L, EV 83.1 MPH)
|
Bottom of the 8th over - 0 runs, 1 hit, 0 errors, 1 left on base; Chicago (NYP) 30 - Idaho Falls 1 |
TOP OF THE 9TH |
Chicago (NYP) White Sox batting - Pitching for Idaho Falls Chukars : LHP John Wagner
|
Batting: LHB Ray Walden
|
0-0: Ground out U3 (Groundball, 3, EV 101.3 MPH)
|
Batting: RHB Victor Orozco
|
0-0: Ground out 6-3 (Groundball, 56, EV 99.4 MPH)
|
Batting: SHB Jason Bresnahan
|
0-0: Ball 1-0: Ground out 5-3 (Groundball, 56, EV 85.0 MPH)
|
Top of the 9th over - 0 runs, 0 hits, 0 errors, 0 left on base; Chicago (NYP) 30 - Idaho Falls 1 |
BOTTOM OF THE 9TH |
Idaho Falls Chukars batting - Pitching for Chicago (NYP) White Sox : RHP Miguel Romero
|
Batting: RHB Edite Leoni
|
0-0: Called Strike 0-1: Ball 1-1: SINGLE (Groundball, 4M, EV 100.0 MPH)
|
Batting: RHB Chad Sullivan
|
0-0: Called Strike 0-1: Called Strike 0-2: Strikes out swinging
|
Batting: RHB Nate De Jongh
|
0-0: Ball 1-0: Ball 2-0: Ball 3-0: Called Strike 3-1: Called Strike 3-2: Base on Balls Edite Leoni to second
|
Batting: RHB Jeremy Haun
|
0-0: Ball 1-0: Ball 2-0: Ball 3-0: Called Strike 3-1: Base on Balls Edite Leoni to third Nate De Jongh to second
|
Batting: RHB Eric Dyer
|
0-0: Called Strike 0-1: Foul Ball, location: 2F 0-2: Foul Ball, location: 2F 0-2: Strikes out swinging
|
Batting: RHB Ben Minge
|
0-0: Swinging Strike 0-1: Ball 1-1: Foul Ball, location: 2F 1-2: Ball 2-2: Strikes out swinging
|
Bottom of the 9th over - 0 runs, 1 hit, 0 errors, 3 left on base; Chicago (NYP) 30 - Idaho Falls 1 |
|